 Dungeon Crawl Stone Soup version 0.22-a0-303-g4a852b3 (webtiles) character file.

8509 Amnesiac the Destroyer (level 11, -3/64 HPs)
             Began as a Deep Elf Wizard on Mar 27, 2018.
             Was an Elder of Sif Muna.
             Slain by an ice beast (4 damage)
             ... summoned by Fannar
             ... on level 10 of the Dungeon.
             The game lasted 00:25:29 (12565 turns).

Amnesiac the Destroyer (Deep Elf Wizard)           Turns: 12565, Time: 00:25:30

Health: -3/64      AC:  8    Str:  4    XL:     11   Next: 10%
Magic:  6/28       EV: 13    Int: 27    God:    Sif Muna [****..]
Gold:   720        SH:  8    Dex: 13    Spells: 16/32 levels left

rFire    + . .     SeeInvis .   a - +7 dagger (venom)
rCold    + . .     Gourm    .   w - +0 shield
rNeg     + . .     Faith    +   G - +2 robe {rN+}
rPois    +         Spirit   .   (helmet restricted)
rElec    +         Reflect  .   g - +0 cloak
rCorr    +         Harm     .   y - +1 pair of gloves
MR       +....     Clarity  +   k - +0 pair of boots
Stlth    ++........             E - amulet of faith
HPRegen  0.00/turn              (no ring)
MPRegen  0.21/turn              (no ring)

@: resistant, divine energy
A: horns 1, blurry vision 1, clarity, inhibited regeneration
a: Stop Divine Energy, Channel Magic, Forget Spell, Renounce Religion


You were on level 10 of the Dungeon.
You worshipped Sif Muna.
Sif Muna was greatly pleased with you.
You were very hungry.

You visited 2 branches of the dungeon, and saw 11 of its levels.
You also visited: Sewer.

You collected 720 gold pieces.

Inventory:

Hand Weapons
 a - a +7 dagger of venom (weapon)
 b - a +0 blowgun
Missiles
 r - 30 poisoned needles
 D - 6 curare-tipped needles
Armour
 g - a +0 cloak (worn)
 k - a +0 pair of boots (worn)
 w - a +0 shield (worn)
 y - a +1 pair of gloves (worn)
 G - a +2 robe of positive energy (worn)
Magical Staves
 F - an uncursed staff of cold
Jewellery
 E - an amulet of faith (around neck)
Wands
 c - a wand of paralysis (8)
 i - a wand of polymorph (7)
 q - a wand of random effects (31)
Scrolls
 f - 2 scrolls of remove curse {!r}
 j - a scroll of blinking {!r}
 t - a scroll of magic mapping {!r}
 u - 8 scrolls of teleportation {!r}
 A - a scroll of fog {!r}
 B - a scroll of identify {!r}
Potions
 h - a potion of flight {!q}
 n - 2 potions of agility {!q}
 o - 2 potions of brilliance {!q}
 p - 4 potions of haste {!q}
 s - 2 potions of lignification {!q}
 v - 4 potions of might {!q}
 x - a potion of magic {!q}
 z - 2 potions of degeneration {!q}
 C - a potion of cancellation {!q}
Comestibles
 d - 17 rations


   Skills:
 - Level 5.2 Fighting
 - Level 5.2 Dodging
 - Level 2.4 Stealth
 - Level 5.2 Shields
 + Level 11.0 Spellcasting
 * Level 12.6 Conjurations
 - Level 1.1 Summonings
 - Level 1.1 Translocations


You had 16 spell levels left.
You knew the following spells:

 Your Spells              Type           Power        Failure   Level  Hunger
a - Magic Dart            Conj           ####         1%          1    None
b - Call Imp              Summ           ###.....     13%         2    None
c - Summon Butterflies    Summ           ###.....     9%          1    None
d - Apportation           Tloc           ###...       9%          1    None
e - Mephitic Cloud        Conj/Pois/Air  #####...     8%          3    None
r - Regeneration          Chrm/Necr      ##........   38%         3    None
s - Conjure Flame         Conj/Fire      #####...     3%          3    None
v - Blink                 Tloc           N/A          13%         2    None


Dungeon Overview and Level Annotations

Branches:
Dungeon (10/15)            Temple (1/1) D:6
   Lair: D:8-11         Orc: D:9-12

Altars:
Ashenzari
Cheibriados
Dithmenos
Elyvilon
Fedhas
Gozag
Hepliaklqana
Kikubaaqudgha
Makhleb
Nemelex Xobeh
Okawaru
Qazlal
Ru
Sif Muna
Trog
Uskayaw
Vehumet
Wu Jian
Xom
Yredelemnul
Zin
The Shining One

Annotations:
D:4 StCgurps's ghost, amateur GrFi
D:10 exclusion: obsidian statue, Fannar


Innate Abilities, Weirdness & Mutations

You have a pair of small horns on your head.
Scrolls take you a little longer to read.
You possess an exceptional clarity of mind.
You do not regenerate when monsters are visible.


Message History

You closely miss Fannar.
Fannar is severely wounded.
Fannar points at you and mumbles some strange words.
The bolt of cold hits you! You resist.
* * * LOW HITPOINT WARNING * * *
Fannar hits you but does no damage.
You closely miss Fannar.
Fannar is severely wounded.
Fannar hits you but does no damage.
Really quaff
e - a sapphire potion {!q}?
It was a potion of mutation {!q}.
You feel extremely strange. A pair of horns grows on your head!
Your vision blurs.
Your regeneration stops near monsters.
Your thoughts seem clearer.
Fannar mumbles some strange words.
Fannar blinks!
Evoke which item? (* to show all) (? for menu, Esc to quit)
Aiming: Random Effects
Press: ? - help, Shift-Dir - straight line, f - Fannar
Aim: Fannar, wielding a staff of cold and wearing a robe of cold resistance (severely wounded, poisoned, covered in an icy film) Fannar resists with almost no effort.
You are feeling very hungry.
Evoke which item? (* to show all) (? for menu, Esc to quit)
Aiming: Random Effects
Press: ? - help, Shift-Dir - straight line, f/p - Fannar
Aim: Fannar, wielding a staff of cold and wearing a robe of cold resistance (severely wounded, poisoned, covered in an icy film)
The bolt of poison misses Fannar.
Evoke which item? (* to show all) (? for menu, Esc to quit)
Aiming: Random Effects
Press: ? - help, Shift-Dir - straight line, f/p - Fannar
Aim: Fannar, wielding a staff of cold and wearing a robe of cold resistance (almost dead, poisoned, covered in an icy film)
The puff of flame hits Fannar.
Fannar appears unharmed.
The heat melts Fannar's icy armour.
Fannar is almost dead.
Fannar gestures wildly while chanting.
Evoke which item? (* to show all) (? for menu, Esc to quit)
Aiming: Random Effects
Press: ? - help, Shift-Dir - straight line, f/p - Fannar
Aim: Fannar, wielding a staff of cold and wearing a robe of cold resistance (almost dead, poisoned, covered in an icy film) Fannar flickers and vanishes!
Deactivating autopickup; reactivate with Ctrl-A.
Casting: Conjure Flame (safe; 3% risk of failure)
Confirm with . or Enter, or press ? or * to list all spells.
Okay, then.
Okay, then.
Evoke which item? (* to show all) (? for menu, Esc to quit)
Aiming: Random Effects
Press: ? - help, Shift-Dir - straight line Nothing appears to happen.
You feel less wooden.
You feel more protected from negative energy.
Something barely misses you. You block the ice beast's attack.
Evoke which item? (* to show all) (? for menu, Esc to quit)
Aiming: Random Effects
Press: ? - help, Shift-Dir - straight line Nothing appears to happen.
You hear some strange, mumbled words.
The ice beast closely misses you.
Evoke which item? (* to show all) (? for menu, Esc to quit)
Aiming: Random Effects
Press: ? - help, Shift-Dir - straight line The ice beast hits you.
* * * LOW HITPOINT WARNING * * *
The ice beast freezes you. You resist.
You die...

#.....<......# #........#
#.......(ยง...#####........# #
#........)................######
#......####'#####...............
#......#........#...............
#......#......(.#........###'#..
####...#........#........#...#..
#...#.(......'.#####..#...#..
#...#......Y@#.# #..#...#..
##...#........#.# #..#:..#..
#....##########e# #Y.'...#..
#..............Y# #..#...#..
#.........).....# #..#####..
#.........).....#####.........
#..........)..................
#..(........e......######.....
#(.(.###########...# #.....


You could see an ice beast.

Vanquished Creatures
  2 two-headed ogres (D:8)
  Psyche (D:9)
  A troll (D:9)
  A hippogriff (D:8)
  A wraith (D:10)
  12 yaks (D:10)
  A hungry ghost (D:9)
  A water moccasin (D:9)
  Purgy (D:3)
  3 ice beasts
  5 sky beasts
  4 orc warriors
  A black bear (D:10)
  A phantom (D:6)
  7 ogres
  4 big kobolds
  4 centaurs
  A bullfrog (D:7)
  A wyvern skeleton (D:8)
  6 scorpions
  10 killer bees (D:10)
  2 howler monkeys
  6 crimson imps
  2 quasits (D:9)
  3 hounds
  A jelly (D:8)
  3 orc priests (D:9)
  3 centaur skeletons
  A bullfrog skeleton (D:5)
  5 orc wizards
  2 iguanas
  2 worker ants
  A killer bee zombie (D:7)
  A hound zombie (D:7)
  2 hound skeletons
  4 gnolls
  3 river rats
  8 adders
  5 shadow imps
  3 oozes (D:1)
  2 adder skeletons
  2 adder zombies
  3 worms
  2 dart slugs
  2 leopard geckos
  22 orcs
  11 bats
  6 giant cockroaches
  10 goblins
  6 hobgoblins
  10 jackals
  21 kobolds
  4 quokkas
  2 frilled lizards (D:1)
  2 leopard gecko skeletons
  A quokka zombie (D:8)
  6 rats
237 creatures vanquished.

Vanquished Creatures (collateral kills)
  A river rat (D:3)
  A giant cockroach (D:3)
  A hobgoblin (D:3)
  A rat (Sewer)
4 creatures vanquished.

Grand Total: 241 creatures vanquished

Notes
Turn   | Place    | Note
-------+----------+-------------------------------------------
     0 | D:1      | Amnesiac the Deep Elf Wizard began the quest for the Orb.
     0 | D:1      | Reached XP level 1. HP: 10/10 MP: 7/7
    81 | D:1      | Reached XP level 2. HP: 16/16 MP: 1/9
    86 | D:1      | Learned a level 2 spell: Blink
   139 | D:1      | You fall through a shaft!
   396 | D:2      | Learned a level 2 spell: Call Imp
   420 | D:1      | Reached skill level 2 in Conjurations
   842 | D:1      | Reached skill level 1 in Fighting
   896 | D:1      | Reached XP level 3. HP: 11/20 MP: 0/11
   901 | D:1      | Learned a level 3 spell: Conjure Flame
   905 | D:1      | Learned a level 3 spell: Mephitic Cloud
  1054 | D:1      | Reached skill level 3 in Conjurations
  1927 | D:3      | Reached XP level 4. HP: 25/25 MP: 4/12
  1947 | D:3      | Noticed Purgy
  2332 | D:3      | Reached skill level 4 in Conjurations
  2459 | D:3      | Found a glowing drain.
  2550 | Sewer    | Entered a sewer
  2765 | Sewer    | Noticed a big kobold
  2827 | Sewer    | Killed a big kobold
  2827 | Sewer    | Reached skill level 5 in Conjurations
  2827 | Sewer    | Reached XP level 5. HP: 22/30 MP: 0/13
  2983 | Sewer    | Found a white marble altar of Elyvilon.
  3276 | D:3      | You fall through a shaft for 3 floors!
  3301 | D:6      | Reached XP level 6. HP: 32/36 MP: 0/14
  3350 | D:5      | Entered Level 5 of the Dungeon
  3861 | D:4      | Reached XP level 7. HP: 33/43 MP: 15/15
  4000 | D:4      | Noticed StCgurps's ghost (amateur GrFi)
  4245 | D:3      | Killed Purgy
  4839 | D:4      | Reached skill level 1 in Shields
  5026 | D:4      | HP: 2/44 [StCgurps's ghost (2)]
  5796 | D:5      | Reached XP level 8. HP: 25/48 MP: 1/16
  5938 | D:5      | Found an iron altar of Okawaru.
  6642 | D:6      | Reached skill level 5 in Fighting
  6642 | D:6      | Reached skill level 5 in Shields
  6757 | D:6      | Reached skill level 5 in Dodging
  6822 | D:6      | Found a staircase to the Ecumenical Temple.
  7037 | Temple   | Entered the Ecumenical Temple
  7129 | Temple   | Became a worshipper of Sif Muna the Loreminder
  7464 | D:7      | Reached skill level 5 in Spellcasting
  7756 | D:7      | Reached skill level 6 in Conjurations
  7820 | D:7      | Reached XP level 9. HP: 35/54 MP: 9/19
  8006 | D:8      | Noticed a two-headed ogre
  8280 | D:8      | Noticed a two-headed ogre
  8321 | D:8      | Killed a two-headed ogre
  8321 | D:8      | Reached * piety under Sif Muna
  8321 | D:8      | Reached skill level 8 in Conjurations
  8976 | D:8      | Reached ** piety under Sif Muna
  8988 | D:8      | Reached skill level 9 in Conjurations
  9453 | D:8      | Killed a two-headed ogre
  9453 | D:8      | Reached XP level 10. HP: 16/59 MP: 10/24
  9570 | D:8      | Reached skill level 10 in Conjurations
  9925 | D:9      | Reached *** piety under Sif Muna
 10190 | D:9      | Noticed Psyche
 10235 | D:9      | Killed Psyche
 10314 | D:9      | Reached skill level 11 in Conjurations
 10704 | D:10     | Entered Level 10 of the Dungeon
 10805 | D:10     | Noticed Fannar
 10867 | D:10     | Learned a level 1 spell: Summon Butterflies
 10869 | D:10     | Learned a level 1 spell: Apportation
 10873 | D:10     | Learned a level 3 spell: Regeneration
 11119 | D:10     | Noticed an obsidian statue
 11151 | D:10     | Reached skill level 10 in Spellcasting
 11157 | D:10     | Reached **** piety under Sif Muna
 11468 | D:10     | Reached skill level 12 in Conjurations
 12018 | D:10     | Reached XP level 11. HP: 57/64 MP: 23/27
 12203 | D:10     | Reached ***** piety under Sif Muna
 12556 | D:10     | HP: 3/96 [Fannar/bolt of cold (4)]
 12558 | D:10     | Gained mutation: You have a pair of small horns on your head. [potion of mutation]
 12558 | D:10     | Gained mutation: Scrolls take you a little longer to read. [potion of mutation]
 12558 | D:10     | Gained mutation: You do not regenerate when monsters are visible. [potion of mutation]
 12558 | D:10     | Gained mutation: You possess an exceptional clarity of mind. [potion of mutation]
 12565 | D:10     | HP: 1/64 [ice beast[Fannar] (1)]
 12565 | D:10     | Slain by an ice beast

Vault maps used:
D:1:      elethiomel_arrival_quiet
D:2:      minivault_14
D:3:      gup_sewer_entry_bowl, uniq_purgy
D:4:      corexii_shantytown
D:5:      lemuel_doored_altar, first_ration
D:6:      minmay_temple_entry_enclosed_plants
D:7:      grunt_decor_one_mirror
D:8:      minmay_distorted_concentric_squares, nrook_mini_vaults, grunt_pizzeria
D:9:      uniq_psyche
D:10:     grunt_ministairs_3, minmay_stone_trees_small, minmay_statue_bubble,
          uniq_fannar
Temple:   grunt_wide_crystal_templ
Sewer:    sewer_kobolds

Skill      XL: |  1  2  3  4  5  6  7  8  9 10 11 |
---------------+----------------------------------+-----
Conjurations   | 2 3 5 6 9 12 | 12.6
Fighting       | 1 2 4 5 |  5.2
Dodging        | 4 5 |  5.2
Shields        | 3 5 |  5.2
Spellcasting   | 5 8 10 11 | 11.0
Stealth        | |  2.4
Summonings     | |  1.1
Translocations | |  1.1

Action                   |  1- 3 |  4- 6 |  7- 9 | 10-12 || total
-------------------------+-------+-------+-------+-------++-------
Melee: Unarmed           |    12 |    24 |       |       ||    36
       Dagger            |       |     1 |    60 |    92 ||   153
       Short sword       |       |     1 |       |       ||     1
       Staff             |       |       |       |     4 ||     4
 Fire: Blowgun           |       |       |       |     3 ||     3
 Cast: Magic Dart        |    96 |   117 |   285 |   307 ||   805
       Call Imp          |     1 |     6 |     6 |     6 ||    19
       Blink             |     1 |       |    16 |     1 ||    18
       Mephitic Cloud    |       |     7 |    12 |    11 ||    30
       Conjure Flame     |       |     4 |    16 |    20 ||    40
Invok: Divine Energy     |       |       |     1 |       ||     1
Evoke: Wand              |       |       |       |    10 ||    10
  Use: Scroll            |     1 |     4 |    16 |     5 ||    26
       Potion            |       |     3 |     1 |     5 ||     9
 Stab: Confused          |       |     4 |     1 |     1 ||     6
       Sleeping          |       |     1 |       |     1 ||     2
  Eat: Chunk             |     3 |     7 |    13 |     9 ||    32
       Ration            |       |       |     1 |       ||     1
Armor: Robe              |     9 |    12 |    19 |    64 ||   104
       Skin              |       |       |       |     6 ||     6
Dodge: Dodged            |    38 |    65 |   107 |   101 ||   311
Block: Shield            |       |       |       |    97 ||    97

Table legend:
 A = Spawn XP
 B = Non-spawn XP
 C = Spawn XP percentage of total XP
 D = Spawn monster count
 E = Non-spawn monster count
 F = Spawn count percentage of total count
 G = Total turns spent on level
                    A         B        C        D         E        F      G
               +---------+---------+-------+---------+---------+-------+---------
         Total |       0 |   12157 |   0.0 |       0 |     241 |   0.0 | 12565
               +---------+---------+-------+---------+---------+-------+---------
           D:1 |       0 |      66 |   0.0 |       0 |      30 |   0.0 |   990
           D:2 |       0 |      20 |   0.0 |       0 |      11 |   0.0 |  1011
           D:3 |       0 |     254 |   0.0 |       0 |      34 |   0.0 |  1912
           D:4 |       0 |     365 |   0.0 |       0 |       8 |   0.0 |   489
           D:5 |       0 |     798 |   0.0 |       0 |      20 |   0.0 |  1411
           D:6 |       0 |     698 |   0.0 |       0 |      16 |   0.0 |   750
           D:7 |       0 |     640 |   0.0 |       0 |      11 |   0.0 |  1243
           D:8 |       0 |    3102 |   0.0 |       0 |      26 |   0.0 |  1279
           D:9 |       0 |    2063 |   0.0 |       0 |      34 |   0.0 |  1056
          D:10 |       0 |    4012 |   0.0 |       0 |      41 |   0.0 |  1813
         Sewer |       0 |     139 |   0.0 |       0 |      10 |   0.0 |   513
               +---------+---------+-------+---------+---------+-------+---------
